 Dungeon Crawl Stone Soup version 0.22-a0-422-g9628fc8 (webtiles) character file.

37 galech the Poker (level 3, -1/28 HPs)
             Began as a Gnoll Wanderer on May 17, 2018.
             Slain by an adder (3 damage)
             ... on level 2 of the Dungeon.
             The game lasted 00:02:09 (1029 turns).

galech the Poker (Gnoll Wanderer)                   Turns: 1029, Time: 00:02:09

Health: -1/28      AC:  7    Str: 12    XL:     3   Next: 39%
Magic:  4/4        EV: 11    Int: 15    God:
Gold:   26         SH:  0    Dex: 16    Spells: 3/3 levels left

rFire    . . .     SeeInvis .   e - +0 dagger
rCold    + . .     Gourm    .   (no shield)
rNeg     . . .     Faith    .   a - +0 ring mail
rPois    .         Spirit   .   (no helmet)
rElec    .         Reflect  .   (no cloak)
rCorr    .         Harm     .   (no gloves)
MR       .....                  (no boots)
Stlth    +.........             (no amulet)
HPRegen  0.09/turn              (no ring)
MPRegen  0.09/turn              (no ring)

@: lethally poisoned (-1 -> -3)
A: distributed training, fangs 1, hooves 1, yellow scales 1, cold resistance 1,
deterioration 1, strong nose
a: no special abilities


You were on level 2 of the Dungeon.
You were hungry.

You visited 1 branch of the dungeon, and saw 2 of its levels.

You collected 26 gold pieces.

Inventory:

Hand Weapons
 e - a +0 dagger (weapon)
Armour
 a - a +0 ring mail (worn)
 d - a +0 robe
Scrolls
 c - a scroll of teleportation
 h - 3 scrolls of enchant armour {unknown}
Comestibles
 f - 3 rations


   Skills:
 + Level 2.6 Fighting
 + Level 0.7 Short Blades
 + Level 0.7 Long Blades
 + Level 0.7 Axes
 + Level 0.7 Maces & Flails
 + Level 6.5 Polearms
 + Level 0.7 Staves
 + Level 0.7 Slings
 + Level 0.7 Bows
 + Level 0.7 Crossbows
 + Level 2.6 Throwing
 + Level 0.7 Armour
 + Level 2.6 Dodging
 + Level 0.7 Stealth
 + Level 0.7 Shields
 + Level 0.7 Unarmed Combat
 + Level 0.7 Spellcasting
 + Level 0.5 Conjurations
 + Level 2.1 Hexes
 + Level 0.5 Charms
 + Level 0.5 Summonings
 + Level 3.7 Necromancy
 + Level 0.5 Translocations
 + Level 0.5 Transmutations
 + Level 0.5 Fire Magic
 + Level 0.5 Ice Magic
 + Level 0.5 Air Magic
 + Level 0.5 Earth Magic
 + Level 0.5 Poison Magic
 + Level 0.9 Invocations
 + Level 2.6 Evocations


You had 3 spell levels left.
You didn't know any spells.
Your spell library contained the following spells:

 Spells                   Type           Power        Failure   Level  Hunger
 Confuse                  Hex            #.......     58%         3    ####...
 Sting                    Conj/Pois      #...         43%         1    ##.....
 Tukima's Dance           Hex            #.......     58%         3    ####...
 Ignite Poison            Fire/Tmut/Pois #.......     80%         3    ####...
 Ensorcelled Hibernation  Hex/Ice        #.....       45%         2    ###....
 Corona                   Hex            #......      24%         1    ##.....
 Dazzling Spray           Conj/Hex       #.....       69%         3    ####...


Dungeon Overview and Level Annotations

Branches:
Dungeon (2/15)

Altars:


Innate Abilities, Weirdness & Mutations

Your experience applies equally to all skills.
You have very sharp teeth.
Your uncanny sense of smell can sniff out nearby items.
You have large cloven feet.
You are partially covered in yellow scales. (AC +2)
Your flesh is cold resistant. (rC+)
Your body sometimes deteriorates upon taking damage.


Message History

You hit the adder but do no damage.
The adder is lightly wounded.
* * * LOW HITPOINT WARNING * * *
You feel sick. The adder misses you.
It was a potion of mutation.
You feel extremely strange.
Your thoughts seem clearer.
You feel genetically stable. The adder bites you but does no damage.
Okay, then.
You feel extremely strange.
You feel genetically unstable.
Your thinking seems confused.
Yellow scales grow over part of your body.
You feel yourself wasting away.
Your feet thicken and deform.
You feel resistant to cold. The adder bites you.
* * * LOW HITPOINT WARNING * * *
The adder bites you but does no damage.
* * * LOW HITPOINT WARNING * * *
You feel sick. The adder bites you.
You die...

.$......#
........#
.....%.(#
........#
........#
........#
.......(#
........##########
.........)..S@..<#
.......(##########
#########


You could see an adder.

Vanquished Creatures
  An adder (D:2)
  A leopard gecko (D:1)
  3 bats (D:1)
  A giant cockroach (D:1)
  5 goblins
  3 hobgoblins (D:1)
  3 jackals (D:1)
  A ball python (D:1)
  5 kobolds
  A rat (D:1)
24 creatures vanquished.

Notes
Turn   | Place    | Note
-------+----------+-------------------------------------------
     0 | D:1      | galech the Gnoll Wanderer began the quest for the Orb.
     0 | D:1      | galech set off with: a scroll of teleportation, a +0 robe, a +0 dagger, a ration
     0 | D:1      | Reached XP level 1. HP: 17/17 MP: 2/2
   171 | D:1      | Reached XP level 2. HP: 18/23 MP: 3/3
   520 | D:1      | Reached XP level 3. HP: 16/28 MP: 4/4
  1025 | D:2      | Gained mutation: You possess an exceptional clarity of mind. [potion of mutation]
  1025 | D:2      | Gained mutation: You are somewhat resistant to further mutation. [potion of mutation]
  1026 | D:2      | Lost mutation: You are somewhat resistant to further mutation. [potion of mutation]
  1026 | D:2      | Lost mutation: You possess an exceptional clarity of mind. [potion of mutation]
  1026 | D:2      | Gained mutation: You are partially covered in yellow scales. (AC +2) [potion of mutation]
  1026 | D:2      | Gained mutation: Your body sometimes deteriorates upon taking damage. [potion of mutation]
  1026 | D:2      | Gained mutation: You have large cloven feet. [potion of mutation]
  1026 | D:2      | Gained mutation: Your flesh is cold resistant. (rC+) [potion of mutation]
  1029 | D:2      | Slain by an adder

Vault maps used:
D:1:      dpeg_arrival_radiant
D:2:      first_ration, minmay_hexomino_r4

Skill      XL: |  1 |
---------------+----+-----
Hexes          | 2 |  2.1
Fighting       | |  2.6
Short Blades   | |  0.7
Long Blades    | |  0.7
Axes           | |  0.7
Maces & Flails | |  0.7
Polearms       | |  6.5
Staves         | |  0.7
Slings         | |  0.7
Bows           | |  0.7
Crossbows      | |  0.7
Throwing       | |  2.6
Armour         | |  0.7
Dodging        | |  2.6
Stealth        | |  0.7
Shields        | |  0.7
Unarmed Combat | |  0.7
Spellcasting   | |  0.7
Conjurations   | |  0.5
Charms         | |  0.5
Summonings     | |  0.5
Necromancy     | |  3.7
Translocations | |  0.5
Transmutations | |  0.5
Fire Magic     | |  0.5
Ice Magic      | |  0.5
Air Magic      | |  0.5
Earth Magic    | |  0.5
Poison Magic   | |  0.5
Invocations    | |  0.9
Evocations     | |  2.6

Action                   || total
-------------------------++-------
Melee: Dagger            ||   142
       Bite              ||    17
  Use: Potion            ||     2
Armor: Ring mail         ||    60
Dodge: Dodged            ||    92

Table legend:
 A = Spawn XP
 B = Non-spawn XP
 C = Spawn XP percentage of total XP
 D = Spawn monster count
 E = Non-spawn monster count
 F = Spawn count percentage of total count
 G = Total turns spent on level
                    A         B        C        D         E        F      G
               +---------+---------+-------+---------+---------+-------+---------
         Total |       0 |      53 |   0.0 |       0 |      24 |   0.0 |  1029
               +---------+---------+-------+---------+---------+-------+---------
           D:1 |       0 |      37 |   0.0 |       0 |      21 |   0.0 |   975
           D:2 |       0 |      16 |   0.0 |       0 |       3 |   0.0 |    54
               +---------+---------+-------+---------+---------+-------+---------
